 Dungeon Crawl Stone Soup version 0.27.1-1-g398f81649c (webtiles) character file.

Game seed: 4785663412557646163

28546 Kala the Destroyer (level 13, -7/70 HPs)
             Began as a Gargoyle Earth Elementalist on Sept 3, 2021.
             Was a High Priest of Hepliaklqana.
             Mangled by a bunyip (17 damage)
             ... on level 3 of the Lair of Beasts on Sept 6, 2021.
             The game lasted 01:50:53 (19183 turns).

Kala the Destroyer (Gargoyle Earth Elementalist)   Turns: 19183, Time: 01:50:54

Health: -7/70      AC: 21    Str: 11    XL:     13   Next: 39%
Magic:  24/24      EV: 13    Int: 28    God:    Hepliaklqana [*****.]
Gold:   23         SH:  4    Dex: 10    Spells: 13/27 levels left

rFire    . . .     SeeInvis .   c - staff of earth
rCold    + . .     Faith    .   w - +0 buckler
rNeg     + . .     Spirit   .   G - +0 steam dragon scales
rPois    ∞         Reflect  .   (no helmet)
rElec    +         Harm     .   q - +0 cloak
rCorr    .         Rampage  .   A - +2 pair of gloves "Loklaf" {rC+ Stlth+}
Will     .....                  (no boots)
Stlth    +++.......             z - amulet of magic regeneration
HPRegen  0.21/turn              L - +6 ring of intelligence
MPRegen  0.44/turn              K - ring of wizardry

@: no status effects
A: reduced essence, sickness immunity, AC +9, negative energy resistance 1,
electricity resistance, torment resistance 1, petrification resistance
a: Renounce Religion, Recall Ancestor, Ancestor Identity, Transference, Idealise


You were on level 3 of the Lair of Beasts.
You worshipped Hepliaklqana.
Hepliaklqana was extremely pleased with you.
You visited 4 branches of the dungeon, and saw 16 of its levels.
You also visited: Sewer and Bailey.

You collected 1326 gold pieces.
You spent 1303 gold pieces at shops.

Inventory:

Armour
 q - a +0 cloak (worn)
 w - a +0 buckler (worn)
 A - the +2 pair of gloves "Loklaf" (worn) {rC+ Stlth+}
   (You found it in a sewer)

   rC:        It protects you from cold.
   Stlth:     It makes you more stealthy.
 G - +0 steam dragon scales (worn)
Magical Staves
 c - a staff of earth (weapon)
Jewellery
 u - a ring of flight
 z - an amulet of magic regeneration (around neck)
 K - a ring of wizardry (right hand)
 L - a +6 ring of intelligence (left hand)
Wands
 b - a wand of digging (5)
 y - a wand of polymorph (2)
 D - a wand of mindburst (36)
 E - a wand of iceblast (18)
 H - a wand of paralysis (9)
Scrolls
 i - 2 scrolls of amnesia
 j - 2 scrolls of torment
 k - 6 scrolls of teleportation
 l - 5 scrolls of noise
 o - a scroll of enchant weapon
 r - 3 scrolls of immolation
 v - a scroll of acquirement
 F - a scroll of blinking
 I - a scroll of brand weapon
 J - 2 scrolls of fog
 N - a scroll of fear
Potions
 a - 4 potions of magic {unknown}
 d - 5 potions of mutation
 e - 3 potions of flight {unknown}
 f - 3 potions of might {unknown}
 g - 3 potions of resistance
 h - a potion of ambrosia {unknown}
 m - 6 potions of curing
 n - a potion of degeneration {unknown}
 p - 4 potions of heal wounds
 s - 6 potions of haste
 t - 3 potions of cancellation
 x - 2 potions of invisibility {unknown}
 B - a potion of experience {unknown}
 C - 4 potions of attraction {unknown}
 M - a potion of lignification {unknown}


   Skills:
 + Level 7.9 Fighting
 + Level 7.8 Armour
 + Level 6.3 Dodging
 - Level 2.1 Stealth
 - Level 4.0 Shields
 + Level 7.7 Spellcasting
 * Level 12.4 Conjurations
 - Level 0.7 Transmutations
 + Level 7.2 Fire Magic
 + Level 11.5 Earth Magic


You had 13 spell levels left.
You knew the following spells:

 Your Spells              Type           Power      Damage    Failure   Level
a - Sandblast             Erth           100%       2d20      1%          1
b - Stone Arrow           Conj/Erth      100%       3d13      1%          3
c - Magic Dart            Conj           100%       1d8       1%          1
d - Borgnjor's Vile Clut  Necr/Erth      29%        N/A       5%          5
e - Petrify               Tmut/Erth      61%        N/A       1%          4

Your spell library contained the following spells:

 Spells                   Type           Power      Damage    Failure   Level
 Animate Skeleton         Necr           20%        N/A       1%          1
 Pain                     Necr           40%        1d6       1%          1
 Shock                    Conj/Air       100%       1d9       1%          1
 Sting                    Tmut/Pois      48%        1d5       1%          1
 Summon Small Mammal      Summ           40%        N/A       1%          1
 Passwall                 Tmut/Erth      50%        N/A       1%          2
 Mephitic Cloud           Conj/Pois/Air  34%        N/A       1%          3
 Wereblood                Tmut           14%        N/A       2%          2
 Call Imp                 Summ           10%        N/A       3%          2
 Poisonous Vapours        Pois/Air       20%        N/A       3%          2
 Call Canine Familiar     Summ           10%        N/A       6%          3
 Gell's Gravitas          Tloc           5%         N/A       6%          3
 Portal Projectile        Hex/Tloc       20%        N/A       6%          3
 Summon Guardian Golem    Hex/Summ       10%        N/A       6%          3
 Swiftness                Air            10%        N/A       6%          3
 Teleport Other           Tloc           10%        N/A       6%          3
 Tukima's Dance           Hex            10%        N/A       6%          3
 Vampiric Draining        Necr           5%         2d6       6%          3
 Airstrike                Air            5%         N/A       21%         4
 Olgreb's Toxic Radiance  Pois           10%        N/A       21%         4
 Passage of Golubria      Tloc           N/A        N/A       21%         4
 Blade Hands              Tmut           7%         N/A       38%         5
 Alistair's Intoxication  Tmut/Pois      8%         N/A       43%         5
 Yara's Violent Unravell  Hex/Tmut       6%         3d5       43%         5
 Excruciating Wounds      Necr           5%         N/A       45%         5
 Silence                  Hex/Air        5%         N/A       45%         5
 Lehudib's Crystal Spear  Conj/Erth      43%        10d10     65%         8
 Eringya's Noxious Bog    Tmut/Pois      6%         N/A       92%         6
 Dispersal                Tloc           5%         N/A       95%         6
 Invisibility             Hex            5%         N/A       95%         6
 Summon Hydra             Summ           5%         N/A       100%        7
 Sublimation of Blood     Necr           Unusable   N/A       N/A         2

Dungeon Overview and Level Annotations

Branches:
Dungeon (10/15)            Temple (1/1) D:4            Lair (4/6) D:10
  Swamp (1/4) Lair:3          Orc (0/2) D:10          Sewer (visited)
 Bailey (visited)
  Snake: Lair:2-4    Spider: Lair:2-4

Altars:
Ashenzari
Cheibriados
Dithmenos
Elyvilon
Fedhas
Gozag
Hepliaklqana
Kikubaaqudgha
Makhleb
Okawaru
Qazlal
Ru
Sif Muna
Trog
Vehumet
Wu Jian
Xom
Yredelemnul
Zin
The Shining One
Lugonu

Shops:
D:3 !(=:

Annotations:
Lair:1 exclusion: oklob plant


Innate Abilities, Weirdness & Mutations

Your life essence is reduced to manifest your ancestor. (-10% HP)
You are immune to sickness and miasma.
Your stone body is resilient. (AC +9)
You are immune to poison.
You resist negative energy. (rN+)
You are resistant to electric shocks. (rElec)
You are resistant to unholy torment.
You are immune to petrification.


Message History

The bunyip howls a warning cry!
The eleionoma flows through the trees.
You hear an angry buzzing noise.
You hear a chilling moan.
You climb upwards.
Welcome back to the Lair of Beasts!
There is a staircase to the Swamp here.
You climb downwards.
Welcome back to the Swamp!
This branch is very noisy, and so sound travels much less far.
This branch contains the decaying rune of Zot.
The bunyip claws you but does no damage.
The bunyip barely misses you. The bunyip closely misses you.
The eleionoma hurls a spray of splinters at you.
The spray of wooden splinters hits Wenzel!!!
Wenzel is destroyed!
The spray of wooden splinters hits you!
There is a staircase back to the Lair here.
You climb upwards.
Welcome back to the Lair of Beasts!
There is a staircase to the Swamp here.
You don't have any stones to cast with.
Casting: Sandblast (safe; 1% risk of failure)
Confirm with . or Enter, or press ? or * to list all spells.
Okay, then.
Hit: c) staff of earth
Press: ? - help, Dir - move target, f - bunyip
Aim: a bunyip (thin mist, catching its breath, about 37% to evade your staff of earth)
Okay, then.
Press: ? - help, v - describe, . - travel
Here: a bunyip (thin mist, catching its breath) Some shallow water.
Casting: Sandblast (safe; 1% risk of failure)
Confirm with . or Enter, or press ? or * to list all spells.
Aiming: Stone Arrow (safe; 1% risk of failure)
Press: ? - help, Shift-Dir - straight line, f - bunyip
Aim: a bunyip (thin mist, catching its breath, 78% to hit)
You feel a surge of power!
The stone arrow hits the bunyip!
The bunyip is lightly wounded.
The bunyip claws you! x2; The bunyip closely misses you.
The bunyip claws you! x2
* * * LOW HITPOINT WARNING * * *
The bunyip claws you!
You die...

#..........## ##......>...#
###..........# ≈≈###........#
≈≈≈≈#........#####
#≈....<..........♣
#≈..........♣♣♣♣♣♣♣♣♣♣♣♣♣♣♣♣♣
#.........♣♣♣≈≈≈≈≈≈≈≈≈÷≈§§§§♣
#.......)⌠......@x......§§§§♣
#........⌠...♣.♣.♣.♣...♣§§§≈♣
#.........♣♣♣≈≈≈≈♣≈≈≈≈≈≈≈§≈≈♣
............♣♣♣♣♣♣♣♣♣♣♣♣♣♣♣♣♣
#................♣
..............####
P.............##
#..............#
#..............#


You could see a bunyip.

Vanquished Creatures
  A hydra (Lair:2)
  Erolcha (D:9)
  A two-headed ogre (D:10)
  A death yak (D:10)
  2 bog bodies (Lair:3)
  A wolf spider (Lair:2)
  A cyclops (D:10)
  5 elephants
  4 cane toads
  5 gargoyles
  4 komodo dragons
  2 kobold demonologists (D:10)
  9 rime drakes (Lair:2)
  2 trolls
  Prince Ribbit (D:5)
  A hornet (Lair:2)
  The ghost of knorpule3000 the Cutter, an amateur TeMo of Gozag (D:4)
  3 wyverns
  33 yaks
  10 steam dragons
  2 basilisks
  2 swamp worms (Lair:3)
  4 water moccasins
  3 orc warriors
  A black bear (D:10)
  4 ice beasts
  2 necrophages
  An ogre (D:4)
  11 wolves
  2 centaurs
  3 kobold brigands
  3 bullfrogs
  2 water moccasin zombies (D:5)
  A water moccasin skeleton (D:7)
  13 killer bees
  An electric eel (Lair:3)
  2 bullfrog zombies
  2 centaur zombies
  A gnoll shaman (D:8)
  8 orc priests
  A bullfrog skeleton (D:6)
  A centaur skeleton (D:7)
  Jessica (D:3)
  A hexer (D:9)
  3 iguanas
  4 orc wizards
  A killer bee zombie (D:6)
  2 hound skeletons (D:4)
  A mummy (D:10)
  A howler monkey zombie (D:6)
  6 gnolls
  13 adders
  2 river rats (Sewer)
  A white imp (D:7)
  2 worms (D:2)
  3 dart slugs
  26 orcs
  7 bats
  11 endoplasms
  2 giant cockroaches
  8 goblins
  4 hobgoblins
  10 jackals
  51 kobolds
  A quokka (D:2)
  9 ball pythons
  6 frilled lizards
  25 rats
359 creatures vanquished.

Vanquished Creatures (collateral kills)
  An elephant (D:10)
  Joseph (D:9)
  A gargoyle (D:7)
  2 komodo dragons
  A jumping spider (Lair:3)
  A wyvern (D:10)
  A wraith (D:10)
  3 yaks
  A steam dragon (Lair:2)
  2 water moccasins (Lair:3)
  An orc warrior (Bailey)
  2 wolves (Lair:3)
  2 kobold brigands
  A bullfrog (Lair:3)
  A killer bee (D:10)
  A hound (D:7)
  A centaur skeleton (D:7)
  An adder (Sewer)
  2 orcs
  A kobold (Sewer)
  A ball python (Sewer)
  3 rats (Sewer)
31 creatures vanquished.

Vanquished Creatures (others)
  9 hexers
  An ancestor (D:7)
  A kobold (D:7)
  32 fungi
  55 plants
98 creatures vanquished.

Grand Total: 488 creatures vanquished

Notes
Turn   | Place    | Note
-------+----------+-------------------------------------------
     0 | D:1      | Kala the Gargoyle Earth Elementalist began the quest for
                  | the Orb.
     0 | D:1      | Reached XP level 1. HP: 10/10 MP: 3/3
   342 | D:1      | Reached XP level 2. HP: 15/15 MP: 1/5
   412 | D:1      | Reached skill level 1 in Conjurations
   704 | D:1      | Reached XP level 3. HP: 19/19 MP: 0/6
   767 | D:1      | Found a faded altar of an unknown god.
   784 | D:1      | Learned a level 3 spell: Stone Arrow
  1355 | D:2      | Reached skill level 2 in Conjurations
  1662 | D:2      | Reached XP level 4. HP: 24/24 MP: 0/7
  2953 | D:3      | Found Surghib's Jewellery Boutique.
  3063 | D:3      | Reached skill level 3 in Conjurations
  3063 | D:3      | Reached skill level 5 in Earth Magic
  3063 | D:3      | Reached XP level 5. HP: 28/28 MP: 1/9
  3160 | D:3      | Found Jomuf's Book Shoppe.
  3211 | D:3      | Found a broken altar of Ashenzari.
  3410 | D:3      | Found Hexunn's Distillery.
  3437 | D:3      | Found a blossoming altar of Fedhas.
  3684 | D:3      | Found Rating's Weapon Shoppe.
  3937 | D:3      | Noticed Jessica
  3939 | D:3      | Killed Jessica
  3973 | D:3      | Found a shimmering blue altar of Sif Muna.
  4097 | D:4      | Reached XP level 6. HP: 32/32 MP: 2/10
  4212 | D:4      | Reached skill level 4 in Conjurations
  4409 | D:4      | Found a large runed translucent door.
  4409 | D:4      | Found a large runed translucent door.
  4409 | D:4      | Noticed knorpule3000's ghost (amateur TeMo)
  4651 | D:4      | Found a staircase to the Ecumenical Temple.
  4667 | Temple   | Entered the Ecumenical Temple
  4931 | D:4      | Found a hazy altar of Hepliaklqana.
  4965 | D:4      | Became a worshipper of Hepliaklqana the Forgotten
  5029 | D:4      | Identified the +10 broad axe of the Foot {chaos, rF+ rC+
                  | Dex-3 Stlth+}
  5635 | D:4      | Killed knorpule3000's ghost
  5636 | D:4      | Reached XP level 7. HP: 24/36 MP: 2/11
  5757 | D:5      | Entered Level 5 of the Dungeon
  5949 | D:5      | Found a basalt altar of Yredelemnul.
  6193 | D:5      | Found an ancient bone altar of Kikubaaqudgha.
  6196 | D:5      | Found a bloodstained altar of Trog.
  6400 | D:5      | Reached * piety under Hepliaklqana
  6564 | D:5      | Noticed Prince Ribbit
  6570 | D:5      | Killed Prince Ribbit
  6571 | D:5      | Reached skill level 5 in Conjurations
  6571 | D:5      | Reached XP level 8. HP: 36/36 MP: 3/13
  6716 | D:5      | Found a burning altar of Makhleb.
  6716 | D:5      | Noticed a blizzard demon
  6735 | D:5      | Noticed a ynoxinul
  6735 | D:5      | Noticed an orange demon
  6923 | D:6      | Found a glowing drain.
  6935 | Sewer    | Entered a sewer
  7943 | Sewer    | Identified the +2 pair of gloves "Loklaf" {rC+ Stlth+}
  8233 | D:6      | Reached skill level 1 in Fighting
  8233 | D:6      | Reached skill level 1 in Armour
  8279 | D:6      | Found a shadowy altar of Dithmenos.
  8282 | D:6      | Reached skill level 1 in Fire Magic
  8579 | D:6      | Reached skill level 6 in Conjurations
  9131 | D:6      | Noticed a gargoyle
  9136 | D:6      | Killed a gargoyle
  9137 | D:6      | Reached XP level 9. HP: 44/44 MP: 2/15
  9735 | D:7      | Noticed a troll
  9742 | D:7      | Killed a troll
  9743 | D:7      | Reached skill level 7 in Conjurations
 10034 | D:7      | Learned a level 1 spell: Magic Dart
 10043 | D:7      | Reached ** piety under Hepliaklqana
 10066 | D:7      | Remembered your ancestor Wenzel as a hexer
 10469 | D:7      | Noticed a gargoyle
 10472 | D:7      | Killed a gargoyle
 10537 | D:7      | Noticed a gargoyle
 10542 | D:7      | Killed a gargoyle
 10543 | D:7      | Reached XP level 10. HP: 40/50 MP: 1/17
 10650 | D:7      | Noticed a gargoyle
 10652 | D:7      | Killed a gargoyle
 10653 | D:7      | Reached skill level 5 in Spellcasting
 10653 | D:7      | Reached skill level 8 in Conjurations
 10701 | D:7      | Noticed a gargoyle
 10704 | D:7      | Killed a gargoyle
 10770 | D:7      | Noticed a gargoyle
 10772 | D:7      | Killed a gargoyle
 10984 | D:3      | Bought an amulet of magic regeneration for 330 gold pieces
 11639 | D:8      | Found a white marble altar of Elyvilon.
 11909 | D:8      | Reached *** piety under Hepliaklqana
 11970 | D:8      | Found a glowing silver altar of Zin.
 12455 | D:9      | Reached skill level 9 in Conjurations
 12520 | D:9      | Reached skill level 5 in Fighting
 12588 | D:9      | Noticed Joseph
 12596 | D:9      | Killed Joseph
 12597 | D:9      | Reached skill level 5 in Armour
 12597 | D:9      | Reached XP level 11. HP: 56/56 MP: 19/19
 12606 | D:9      | Noticed Erolcha
 12613 | D:9      | Killed Erolcha
 12825 | D:10     | Entered Level 10 of the Dungeon
 12866 | D:10     | Found a flagged portal.
 12877 | Bailey   | Entered a bailey
 13041 | Bailey   | Found a bloodstained altar of Trog.
 13062 | Bailey   | Identified a scroll of acquirement
 13091 | D:10     | Noticed a two-headed ogre
 13098 | D:10     | Killed a two-headed ogre
 13099 | D:10     | Reached skill level 5 in Fire Magic
 13099 | D:10     | Reached skill level 10 in Earth Magic
 13162 | D:10     | Found a staircase to the Lair.
 13162 | D:10     | Noticed a death yak
 13186 | D:10     | Killed a death yak
 13187 | D:10     | Reached skill level 10 in Conjurations
 13311 | D:10     | Learned a level 5 spell: Borgnjor's Vile Clutch
 13509 | D:10     | Found a staircase to the Orcish Mines.
 13514 | D:10     | Found a snail-covered altar of Cheibriados.
 13589 | D:10     | Found a shimmering altar of Xom.
 13930 | D:3      | Bought a ring of wizardry for 330 gold pieces
 14116 | Lair:1   | Entered Level 1 of the Lair of Beasts
 14434 | D:10     | Noticed a cyclops
 14442 | D:10     | Killed a cyclops
 14708 | Lair:1   | Reached **** piety under Hepliaklqana
 14758 | Lair:1   | Learned a level 4 spell: Petrify
 14766 | Lair:1   | Reached skill level 5 in Dodging
 14806 | D:10     | Reached XP level 12. HP: 15/63 MP: 0/21
 15527 | Lair:1   | Identified the +4 falchion of Exquisite Torment {vamp,
                  | rElec MP+9 Dex+4}
 15600 | Lair:1   | Reached skill level 11 in Conjurations
 16341 | Lair:2   | Noticed a seven-headed hydra
 16360 | Lair:2   | Killed a seven-headed hydra
 16689 | Lair:2   | Acquired a staff of earth
 17166 | Lair:2   | Found the +8 storm bow {elec, penet}
 17167 | Lair:2   | Reached ***** piety under Hepliaklqana
 17264 | Lair:2   | Reached XP level 13. HP: 68/68 MP: 17/24
 17351 | Lair:1   | Reached skill level 12 in Conjurations
 18521 | Lair:3   | Found a staircase to the Swamp.
 18653 | Lair:3   | Upgraded the game from 0.27.1 to 0.27.1-1-g398f81649c
 18908 | D:3      | Bought a +6 ring of intelligence for 643 gold pieces
 19166 | Swamp:1  | Entered Level 1 of the Swamp
 19166 | Swamp:1  | Noticed a bunyip
 19166 | Swamp:1  | Noticed an eleionoma
 19183 | Lair:3   | Mangled by a bunyip

Illustrated notes

Levels and vault maps discovered:
D:1:      giann_forest_graveyard, layout_loops_corners,
          shapermc_ecumenical_altar_starsandcircs, nrook_loot_triangle,
          grunt_decor_junction
D:2:      layout_basic, minmay_3d_cube
D:3:      layout_basic, mainiacjoe_overflow_boulevard, tgw_sif,
          fedhas_ov_isle_minmay, serial_shops, nicolae_square_shop, shop, shop,
          shop_statue, dk_vineyard_3
D:4:      layout_basic, nicolae_overflow_crystal_walls,
          nicolae_overflow_hidden_temple, minmay_temple_entry_stoned_glass,
          ebering_ghost_disaster_area, minmay_misc_feat_encased,
          minmay_misc_feat_room, corexii_shack, chequers_jeans
D:5:      layout_loops_ring, yredelemnul_altar_generic,
          makhleb_altar_promises_db, mainiacjoe_overflow_big_doors,
          uniq_prince_ribbit1
D:6:      layout_loops_ring, grunt_dithmenos_smoke, portal_sewer_entry_a
D:7:      cheibrodos_statue_roulette, layout_basic
D:8:      layout_loops_corners, mainiacjoe_overflow_catwalk, zin_treasury
D:9:      layout_roguey, uniq_erolcha, uniq_joseph
D:10:     layout_basic, slow_altar_2, lemuel_tele_altar, david_lair_generic,
          orc_0_dummy, enter_bailey_2, kennysheep_generic_room_8
Temple:   corrupted_temple
Lair:1:   layout_cave_shapes, minmay_lair_oklob_chamber, lemuel_fruit_tree
Lair:2:   minmay_lair_venomous_thicket, layout_regular_city,
          bobbens_dragon_lair_wall, grunt_megastairs_1, serial_bayou_shore_b,
          serial_bayou_shore_b
Lair:3:   layout_hall_layers, nicolae_swamp_entry_splash_gauntlet,
          spider_nest_entry_a, chequers_serial_rivers_large_b
Lair:4:   layout_cave_shapes, serial_forest, infiniplex_forest_lined_4_way,
          infiniplex_forest_zigzag_1, infiniplex_forest_clump_C,
          infiniplex_forest_straight_2, infiniplex_forest_clump_diagonal,
          infiniplex_forest_straight_3
Swamp:1:  gammafunk_mikee_crab_dinner, layout_basic_swamp,
          evilmike_swamp_ruin_house_4

Skill      XL: |  1  2  3  4  5  6  7  8  9 10 11 12 13 |
---------------+----------------------------------------+-----
Conjurations   | 1 2 3 4 5 6 7 9 10 11 12 | 12.4
Earth Magic    | 4 5 6 7 8 9 10 11 | 11.5
Spellcasting   | 3 4 5 6 7 |  7.7
Shields        | 2 4 |  4.0
Fighting       | 2 3 5 6 7 |  7.9
Armour         | 2 3 5 6 7 |  7.8
Fire Magic     | 2 3 4 5 6 7 |  7.2
Dodging        | 2 3 4 5 6 |  6.3
Stealth        | |  2.1
Transmutations | |  0.7

Action                   |  1- 3 |  4- 6 |  7- 9 | 10-12 | 13-15 || total
-------------------------+-------+-------+-------+-------+-------++-------
Melee: Unarmed           |       |     1 |       |       |       ||     1
       Staff             |       |       |    12 |    15 |       ||    27
 Cast: Sandblast         |    36 |    58 |    80 |   113 |       ||   287
       Stone Arrow       |     6 |    33 |    82 |   203 |    79 ||   403
       Magic Dart        |       |       |       |    99 |     7 ||   106
       Borgnjor's Vile C |       |       |       |     1 |       ||     1
       Petrify           |       |       |       |     2 |       ||     2
Invok: Ancestor Life: He |       |       |     1 |       |       ||     1
       Recall Ancestor   |       |       |       |     1 |       ||     1
Evoke: Wand              |       |       |       |     2 |       ||     2
  Use: Scroll            |       |     2 |    12 |    10 |       ||    24
       Potion            |       |       |       |     2 |       ||     2
 Stab: Distracted        |       |       |     1 |       |       ||     1
Armor: Robe              |     3 |     7 |     3 |       |       ||    13
       Ring mail         |       |       |    16 |       |       ||    16
       Troll leather arm |       |       |     2 |     6 |       ||     8
       Steam dragon scal |       |       |       |    62 |    30 ||    92
Dodge: Dodged            |    12 |     7 |    46 |   116 |    48 ||   229
Block: Buckler           |       |       |    10 |    53 |    19 ||    82
